 Dungeon Crawl Stone Soup version 0.28.0-45-g0d030f2227 (webtiles) character file.

Game seed: 13650697652105092321

1 thiscave3701365 the Grasshopper (level 1, 7/14 HPs)
             Began as an Octopode Warper on Apr 20, 2022.
             Quit the game on level 1 of the Dungeon.
             The game lasted 00:00:07 (35 turns).

thiscave3701365 the Grasshopper (Octopode Warper)     Turns: 35, Time: 00:00:07

Health: 7/14       AC:  1    Str: 10    XL:     1   Next: 20%
Magic:  3/3        EV: 10    Int: 15    God:
Gold:   0          SH:  0    Dex: 11    Spells: 4/4 levels left

rFire   . . .      SeeInvis .     - Unarmed
rCold   . . .      Faith    .   (no shield)
rNeg    . . .      Spirit   .   (helmet restricted)
rPois   .          Reflect  .   (no amulet)
rElec   .          Harm     .   (no ring)
rCorr   .          Rampage  .   (no ring)
Will    .....                   (no ring)
Stlth   ++........              (no ring)
HPRegen 0.04/turn               (no ring)
MPRegen 0.08/turn               (no ring)
                                (no ring)
                                (no ring)

@: constricted
A: almost no armour, amphibious, 8 rings, camouflage 1, gelatinous body 1,
(nimble swimmer 1), tentacles
a: no special abilities


You were on level 1 of the Dungeon.
You visited 1 branch of the dungeon, and saw 1 of its levels.

Inventory:

Missiles
 b - 5 boomerangs of dispersal (quivered)
Scrolls
 a - a scroll of blinking


   Skills:
 + Level 2.0 Fighting
 + Level 1.0 Throwing
 + Level 2.3 Dodging
 + Level 2.0 Unarmed Combat
 + Level 2.0 Spellcasting
 + Level 3.0 Translocations


You had 4 spell levels left.
You didn't know any spells.
Your spell library contained the following spells:

 Spells                   Type           Power      Damage    Failure   Level
 Blink                    Tloc           20%        N/A       10%         2
 Gell's Gravitas          Tloc           10%        N/A       19%         3
 Lesser Beckoning         Tloc           10%        N/A       19%         3
 Teleport Other           Tloc           10%        N/A       19%         3
 Manifold Assault         Tloc           10%        N/A       87%         5


Dungeon Overview and Level Annotations

Branches:
Dungeon (1/15)

Altars:


Innate Abilities, Weirdness & Mutations

You cannot wear most types of armour.
You are amphibious.
You can wear up to eight rings at the same time.
Your skin changes colour to match your surroundings (Stealth+).
Your rubbery body absorbs attacks. (AC +1, EV +1)
((You are camouflaged when in or above water. (Stealth+)))
You have tentacles for arms and can constrict up to eight enemies at once.


Message History

There are monsters nearby!
You closely miss the kobold. Your grab misses the kobold.
You squeeze the kobold.
The kobold is severely wounded.
There are monsters nearby!
You tentacle-slap the kobold.
You kill the kobold!
The ball python barely misses you. The ball python closely misses you.
Unknown command.
There are monsters nearby!
You closely miss the ball python. Your grab misses the ball python.
The ball python closely misses you. The ball python grabs you.
The ball python constricts you.
There are monsters nearby!
You barely miss the ball python. You grab the ball python.
You constrict the ball python, but do no damage.
The ball python barely misses you. The ball python constricts you.
Unknown command.
There are monsters nearby!
You completely miss the ball python. Your squeeze misses the ball python.
You constrict the ball python. The ball python bites you.
The ball python constricts you. The frilled lizard barely misses you.
The ball python bites you. The ball python constricts you.
There are monsters nearby!
You are too injured to fight recklessly!
There are monsters nearby!
You are too injured to fight recklessly!
Unknown command.
There are monsters nearby!
You are too injured to fight recklessly!
Unknown command.
There are monsters nearby!
You are too injured to fight recklessly!
There are monsters nearby!
You are too injured to fight recklessly!
Unknown command.
There are monsters nearby!
You are too injured to fight recklessly!
Sorry, you're not good enough to have a special ability.
Are you sure you want to abandon this character and quit the game? (Confirm with "yes".)

#.......#
##.....####
######...###
......'.....#####
#######...#.#...#
#...#.#...#
#####.#...#
#.#.S.#####
#..@B......
####l......
....... .......
....... .......
.$..... .......


You could see a giant cockroach, a ball python and a frilled lizard.

Vanquished Creatures
  A kobold (D:1)
1 creature vanquished.

Notes
Turn   | Place    | Note
-------+----------+-------------------------------------------
     0 | D:1      | thiscave3701365 the Octopode Warper began the quest for the
                  | Orb.
     0 | D:1      | Reached XP level 1. HP: 14/14 MP: 3/3
    35 | D:1      | Quit the game

Illustrated notes

Levels and vault maps discovered:
D:1:      dpeg_arrival_orchard, layout_basic, serial_curves, eino_curves_01,
          eino_curves_02

Action                   || total
-------------------------++-------
Melee: Unarmed           ||     5
       Constrict         ||     1
       Tentacles         ||     1
Dodge: Dodged            ||     7
